[Event "Team 45 45 League T55"]
[Site "Internet Chess Club"]
[Date "2012.12.04"]
[Round "3"]
[White "Nimbus"]
[Black "AVEMARIA"]
[Result "1-0"]
[WhiteElo "1938"]
[BlackElo "1698"]
[Opening "English opening"]
[ECO "A30"]
[Time "17:01:50"]
[TimeControl "2700+45"]

1. Nf3 Nf6 2. c4 c5 3. g3 Nc6 4. b3 e6 5. Bb2 Be7 6. Bg2 d6 7. O-O O-O 8. d4
cxd4 9. Nxd4 Nxd4 10. Qxd4 Qc7 11. Rd1 Rd8 12. Nc3 Bd7 13. Rd2 a6 14. Rad1 Bc6
15. e4 Rd7 16. Bh3 Rdd8 17. Kf1 b6 18. Ba3 b5 19. cxb5 axb5 20. Bb4 d5 21. Bxe7
Qxe7 22. Qb6 Qb7 23. Qxb7 Bxb7 24. exd5 Nxd5 25. Bg2 g6 26. Nxd5 Bxd5 27. Bxd5
exd5 28. Rxd5 Rxd5 29. Rxd5 Rxa2 30. Rxb5 Rb2 31. b4 h5 32. Rb8+ Kg7 33. b5 g5
34. b6 g4 35. b7 Rb5 36. Ke2 Kf6 37. Kd3 Ke7 38. Kc4 Rb2 39. Kd5 Kd7 40. Rf8
Rb5+ 41. Kc4 Rxb7 42. Rxf7+ Kc6 43. Rxb7 Kxb7 44. Kd5 Kc7 45. Ke5 Kc6 46. Kf5
{Black resigns} 1-0

[Event "Team 45 45 League T55"]
[Site "Internet Chess Club"]
[Date "2012.12.06"]
[Round "3"]
[White "Kingofknights"]
[Black "kllrchris"]
[Result "1-0"]
[WhiteElo "1565"]
[BlackElo "1669"]
[Opening "King's Indian: 4.e4"]
[ECO "E70"]
[Time "19:00:04"]
[TimeControl "2700+45"]

1. d4 Nf6 2. c4 g6 3. Nc3 Bg7 4. e4 d6 5. Bd3 O-O 6. f3 c6 7. Be3 e5 8. d5 Nh5
9. Nge2 b5 10. cxb5 cxb5 11. Nxb5 f5 12. exf5 gxf5 13. O-O e4 14. fxe4 fxe4 15.
Rxf8+ Bxf8 16. Bxe4 Qe8 17. Qd3 Nf6 18. Bf3 Ba6 19. Nec3 Nbd7 20. Qd4 Bxb5 21.
Nxb5 Rc8 22. Re1 Ne5 23. Nc3 Qg6 24. Rf1 Bg7 25. Be2 Qc2 26. Qb4 h6 27. Rc1 Qg6
28. Qxd6 Rxc3 29. Qe6+ Kh7 30. Rxc3 Qb1+ 31. Bc1 Qe4 32. Bd3 Nxd3 33. Qxe4+ Nxe4
34. Rxd3 Nc5 35. Ra3 a6 36. b3 Bd4+ 37. Kf1 h5 38. b4 {Black resigns} 1-0

[Event "Team 45 45 League T55"]
[Site "Internet Chess Club"]
[Date "2012.11.28"]
[Round "3"]
[White "BrianWood"]
[Black "tightfist"]
[Result "0-1"]
[WhiteElo "1482"]
[BlackElo "1552"]
[Opening "QGD: Marshall defense"]
[ECO "A50"]
[Time "20:02:59"]
[TimeControl "2700+45"]

1. d4 Nf6 2. c4 d5 3. cxd5 Qxd5 4. Nc3 Qa5 5. Nf3 c6 6. g3 Ne4 7. Qc2 Bf5 8. Bd2
Nxd2 9. Qxd2 Bg4 10. Bg2 e6 11. O-O Be7 12. Ne5 Bf5 13. e4 Bg6 14. Rfd1 f6 15.
Nc4 Qc7 16. Ne3 Nd7 17. f4 O-O-O 18. Qe2 Bb4 19. Rac1 Kb8 20. Nb5 Qa5 21. Nc3 h5
22. h4 Rhe8 23. Qc4 Nb6 24. Qb3 e5 25. Nc4 Nxc4 26. Qxc4 exd4 27. Rxd4 Rxd4 28.
Qxd4 Bc5 {White resigns} 0-1

[Event "Team 45 45 League T55"]
[Site "Internet Chess Club"]
[Date "2012.12.02"]
[Round "3"]
[White "whiskeytown"]
[Black "Check101"]
[Result "1-0"]
[WhiteElo "1565"]
[BlackElo "1639"]
[Opening "Scotch: Potter variation"]
[ECO "C45"]
[Time "23:08:32"]
[TimeControl "2700+45"]

1. e4 e5 2. Nf3 Nc6 3. d4 exd4 4. Nxd4 Bc5 5. Nb3 Bb6 6. a4 a5 7. Nc3 Nf6 8. Bd3
O-O 9. O-O d5 10. exd5 Nxd5 11. Nxd5 Qxd5 12. Bxh7+ {Black resigns} 1-0

[Event "Team 45 45 League T55"]
[Site "Internet Chess Club"]
[Date "2012.11.29"]
[Round "3"]
[White "Zumbi"]
[Black "Shijith"]
[Result "1-0"]
[WhiteElo "2232"]
[BlackElo "1992"]
[Opening "QGD semi-Slav"]
[ECO "D43"]
[Time "19:42:19"]
[TimeControl "2700+45"]

1. d4 Nf6 2. c4 c6 3. Nf3 d5 4. Nc3 e6 5. Bg5 h6 6. Bxf6 Qxf6 7. e3 Nd7 8. Bd3
dxc4 9. Bxc4 b5 10. Bd3 Bb7 11. O-O a6 12. Qc2 Bd6 13. Ne4 Qe7 14. Nxd6+ Qxd6
15. Rac1 O-O 16. Nd2 Rfd8 17. Ne4 Qe7 18. Nc5 Nxc5 19. Qxc5 Qxc5 20. Rxc5 Rd5
21. Rcc1 f5 22. Be2 g5 23. Bf3 Rd6 24. h3 Kf7 25. Rc5 Rc8 26. Rfc1 Kg6 27. g4 f4
28. Kf1 Kf7 29. Be4 Kf6 30. Ke2 Rf8 31. Bxc6 Bxc6 32. Rxc6 Ke7 33. Rxd6 Kxd6 34.
e4 Rh8 35. Rc5 Rh7 36. Kd3 Kd7 37. h4 gxh4 38. Rh5 {Black resigns} 1-0

[Event "Team 45 45 League T55"]
[Site "Internet Chess Club"]
[Date "2012.12.06"]
[Round "3"]
[White "seikster"]
[Black "MaryAngels"]
[Result "0-1"]
[WhiteElo "1862"]
[BlackElo "2070"]
[Opening "English opening"]
[ECO "A10"]
[Time "19:40:48"]
[TimeControl "2700+45"]

1. c4 b6 2. e4 Bb7 3. Nc3 e6 4. d4 Bb4 5. d5 Qe7 6. Qe2 exd5 7. exd5 b5 8. Bd2
bxc4 9. O-O-O Qxe2 10. Bxe2 Nf6 11. Bxc4 d6 12. Nf3 O-O 13. Rhe1 Nbd7 14. Re7
Rfc8 15. Bg5 Kf8 16. Bxf6 Nxf6 17. Re2 Bxc3 18. bxc3 Re8 19. Rb2 Bc8 20. Bb5 Bd7
21. Bxd7 Nxd7 22. Rb7 Rec8 23. Nd4 Nc5 24. Rb2 Re8 25. Kd2 Ne4+ 26. Kd3 Rab8 27.
Rdb1 Nxf2+ 28. Kc2 Rb6 29. a4 Ng4 30. h3 Ne3+ {White resigns} 0-1

[Event "Team 45 45 League T55"]
[Site "Internet Chess Club"]
[Date "2012.11.30"]
[Round "3"]
[White "Tobiasdelmonte"]
[Black "Nb4"]
[Result "0-1"]
[WhiteElo "1896"]
[BlackElo "1940"]
[Opening "Sicilian"]
[ECO "B50"]
[Time "22:03:40"]
[TimeControl "2700+45"]

1. e4 c5 2. Nf3 d6 3. c3 Nc6 4. d4 Nf6 5. Nbd2 cxd4 6. cxd4 d5 7. e5 Ne4 8. Bd3
Bf5 9. O-O Nxf2 10. Rxf2 Bxd3 11. e6 fxe6 12. Nb3 Bf5 13. Nc5 Qc8 14. Ng5 b6 15.
g4 bxc5 16. gxf5 exf5 17. dxc5 e6 18. Kg2 Bxc5 19. Re2 Nd4 20. Rd2 Nc6 21. Nxe6
Qxe6 22. Re2 Ne5 23. Bf4 Bd6 24. Qd4 O-O 25. Bxe5 Rfe8 26. Rae1 Bxe5 27. Rxe5
Qg6+ 28. Kh1 Rxe5 29. Rxe5 Rd8 30. Rxd5 Qc6 {White resigns} 0-1

[Event "Team 45 45 League T55"]
[Site "Internet Chess Club"]
[Date "2012.12.02"]
[Round "3"]
[White "kabindra"]
[Black "misuc56"]
[Result "1-0"]
[WhiteElo "1799"]
[BlackElo "1768"]
[Opening "Sicilian defense"]
[ECO "B32"]
[Time "12:00:26"]
[TimeControl "2700+45"]

1. e4 c5 2. Nf3 Nc6 3. d4 cxd4 4. Nxd4 d6 5. Bc4 g6 6. Nc3 Bg7 7. Nxc6 bxc6 8.
O-O Bd7 9. f4 Rb8 10. f5 Nf6 11. Bb3 a5 12. a4 Qc8 13. Qf3 c5 14. Bc4 Bc6 15.
Rb1 gxf5 16. Qg3 Rg8 17. Rxf5 Bh6 18. Qf3 Bxc1 19. Rxc1 Rg6 20. Nd5 Bxd5 21.
Bxd5 Qd8 22. Bc6+ Kf8 23. Bb5 Kg7 24. Rf1 e6 25. Rf4 Qe7 26. b3 Rf8 27. Bd3 e5
28. Rf5 Ng8 29. Bc4 f6 30. Qc3 Qc7 31. Qd2 Ne7 32. R5f3 Nc6 33. c3 Ne7 34. Qf2
Qc6 35. Bd3 Qd7 36. Be2 f5 37. exf5 Rxf5 38. Bd3 Rgf6 39. Bxf5 Nxf5 40. Rxf5
Rxf5 41. Qxf5 Qe7 42. Rf3 h6 43. Rg3+ Kh8 44. Qg6 Qf8 45. Rh3 {Black resigns}
1-0

[Event "Team 45 45 League T55"]
[Site "Internet Chess Club"]
[Date "2012.12.01"]
[Round "3"]
[White "Pason"]
[Black "SlimeDog2"]
[Result "0-1"]
[WhiteElo "2023"]
[BlackElo "2115"]
[Opening "QGD semi-Slav: Botvinnik system (anti-Meran)"]
[ECO "D44"]
[Time "15:10:17"]
[TimeControl "2700+45"]

1. d4 d5 2. Nf3 Nf6 3. c4 c6 4. Nc3 e6 5. Bg5 dxc4 6. e4 b5 7. e5 h6 8. Bh4 g5
9. exf6 gxh4 10. g3 Bb7 11. Bg2 Nd7 12. O-O Nxf6 13. Ne5 Nd5 14. Qh5 Qc7 15. Ne4
Rh7 16. Ng5 Nf6 17. Nxe6 Qe7 18. Qxh4 fxe6 19. Nxc6 Qd6 20. Ne5 Bxg2 21. Qxf6
Be4 22. Rfe1 Be7 23. Qf4 Bd5 24. Qg4 O-O-O 25. Qg6 Rdh8 26. Nf7 Rxf7 27. Qxf7
Rf8 28. Qg6 Bf6 29. Rad1 Bf3 30. Rd2 h5 31. Re3 Bg4 32. d5 Qb4 33. Qc2 Bg5 34.
f4 Qc5 35. Qc3 Bf6 36. Qa3 b4 37. Qa6+ Kb8 38. Kf2 exd5 39. Qa4 Bd4 40. Rxd4
Qxd4 41. Qxb4+ Kc7 42. Qe7+ Kc6 43. Kf1 Bh3+ 44. Kf2 Qxb2+ 45. Re2 Qd4+ 46. Ke1
Rb8 47. Re6+ Bxe6 48. Qxe6+ Kb5 49. Qd7+ Ka5 {White resigns} 0-1

[Event "Team 45 45 League T55"]
[Site "Internet Chess Club"]
[Date "2012.12.04"]
[Round "3"]
[White "koni"]
[Black "cysk"]
[Result "1/2-1/2"]
[WhiteElo "1872"]
[BlackElo "1766"]
[Opening "Blackmar gambit"]
[ECO "B01"]
[Time "00:44:23"]
[TimeControl "2700+45"]

1. e4 d5 2. d4 dxe4 3. Nc3 Nf6 4. f3 exf3 5. Qxf3 g6 6. Be3 Bg7 7. h3 O-O 8.
O-O-O Nc6 9. g4 a6 10. Nge2 Rb8 11. Ng3 Bd7 12. g5 Ne8 13. h4 e5 14. dxe5 Nxe5
15. Qf4 Nd6 16. h5 Bc6 17. Nge4 Re8 18. Bg2 Nec4 19. hxg6 fxg6 20. Nxd6 Nxd6 21.
Bd5+ Bxd5 22. Nxd5 Rf8 23. Qh2 h5 24. gxh6 Bxb2+ 25. Kxb2 Kh7 26. Qh4 Qxh4 27.
Rxh4 Nf5 28. Rh3 c6 29. Nb6 Rbd8 30. Rxd8 Rxd8 31. Bg5 Rd4 32. c3 Rg4 33. Bc1
Rg1 34. Nc4 Rg2+ 35. Kb3 Rg1 36. Bd2 g5 37. Rh2 Nxh6 38. Ne5 Kg7 39. Nf3 Ng4 40.
Nxg1 Nxh2 41. Bxg5 Ng4 42. Kc4 Kg6 43. Bd8 Ne3+ 44. Kc5 Kf5 45. Ne2 Ke4 46. Bf6
Nd5 47. Bg7 Kd3 48. Nc1+ Kc2 49. c4 Ne3 50. Bh6 Nd1 51. Kb6 Nb2 52. c5 Na4+ 53.
Kxb7 Nxc5+ 54. Kxc6 Na4 55. Kb7 Nc3 56. Kxa6 Nxa2 57. Nxa2 Kd3 58. Kb5 Ke4 59.
Kc4 Ke5 60. Nc3 Kd6 61. Kd4 Kc6 62. Kc4 Kd6 63. Bf4+ Ke6 64. Kd4 Kf5 65. Ke3 Ke6
66. Ke4 Kd7 67. Kd5 Ke7 68. Ne4 Kd7 69. Bd6 Kc8 70. Kc6 Kd8 71. Nf6 Kc8 72. Bc5
Kb8 73. Nd5 Ka8 74. Nc7+ Kb8 75. Bd4 Kc8 76. Nb5 Kb8 77. Bf6 Ka8 78. Nc7+ Ka7
79. Ne6 Ka8 80. Be5 Ka7 81. Nc7 Kb8 82. Bd4 Kc8 83. Be3 Kb8 84. Bb6 Kc8 85. Nb5
Kb8 86. Bf2 Ka8 87. Nd6 Kb8 88. Bb6 Ka8 89. Bc7 Ka7 90. Nc8+ Ka8 91. Nb6+ Ka7
92. Bg3 Ka6 93. Bf4 Ka7 94. Be5 Ka6 95. Nd5 Ka7 96. Bd6 Ka8 97. Nb4 Ka7 98. Kc7
Ka8 99. Nd5 Ka7 100. Nb6 Ka6 101. Kc6 Ka7 102. Bh2 Ka6 103. Bb8 Ka5 104. Nd5 Ka6
105. Nb4+ Ka5 106. Kc5 Ka4 107. Kc4 Ka5 108. Bc7+ Ka4 109. Bd8 {Game drawn by
the 50 move rule} 1/2-1/2

[Event "Team 45 45 League T55"]
[Site "Internet Chess Club"]
[Date "2012.11.30"]
[Round "3"]
[White "bgolev"]
[Black "pkktet"]
[Result "1/2-1/2"]
[WhiteElo "1813"]
[BlackElo "1812"]
[Opening "Caro-Kann: Panov-Botvinnik attack, 5...e6"]
[ECO "B14"]
[Time "13:00:55"]
[TimeControl "2700+45"]

1. d4 Nf6 2. c4 c5 3. e3 cxd4 4. exd4 d5 5. Nc3 e6 6. Bg5 Be7 7. Nf3 O-O 8. Bd3
dxc4 9. Bxc4 Nc6 10. O-O a6 11. a3 b5 12. Ba2 Bb7 13. Rc1 b4 14. axb4 Nxb4 15.
Bb1 Nfd5 16. Ne4 Bxg5 {Game drawn by mutual agreement} 1/2-1/2

[Event "Team 45 45 League T55"]
[Site "Internet Chess Club"]
[Date "2012.12.02"]
[Round "3"]
[White "koni"]
[Black "scottk74"]
[Result "1/2-1/2"]
[WhiteElo "1877"]
[BlackElo "1774"]
[Opening "Réti: King's Indian attack"]
[ECO "A05"]
[Time "14:02:05"]
[TimeControl "2700+45"]

1. Nf3 Nf6 2. g3 g6 3. Bg2 Bg7 4. O-O O-O 5. d3 d5 6. Nbd2 c5 7. e4 Nc6 8. Re1
e6 9. Qe2 Re8 10. Nf1 e5 11. Bg5 Bg4 12. h3 dxe4 13. hxg4 exf3 14. Qxf3 Nd4 15.
Qd1 Qa5 16. Ne3 Ne6 17. Nc4 Qc7 18. Bxf6 Bxf6 19. Qf3 Nd4 20. Qxf6 Nxc2 21. Rac1
Re6 22. Qxe6 fxe6 23. Rxc2 Rd8 24. Nxe5 Qa5 25. Rce2 Qxa2 26. Bxb7 Rb8 27. Bc6
Rxb2 28. Rxb2 Qxb2 29. Re3 a5 30. Bd7 a4 31. Bxe6+ Kg7 32. Nc4 Qc1+ 33. Kg2 a3
34. Re2 Qd1 35. Rd2 Qb3 36. Nxa3 Qxe6 37. f3 Qb3 38. Nc4 Qc3 39. Kf2 Kf6 40. f4
g5 41. Ke2 Qa1 {Game drawn by mutual agreement} 1/2-1/2

[Event "Team 45 45 League T55"]
[Site "Internet Chess Club"]
[Date "2012.11.30"]
[Round "3"]
[White "zap2"]
[Black "John3v16"]
[Result "1/2-1/2"]
[WhiteElo "1861"]
[BlackElo "1714"]
[Opening "Réti: King's Indian attack (Barcza system)"]
[ECO "A07"]
[Time "05:01:17"]
[TimeControl "2700+45"]

1. Nf3 d5 2. g3 Nf6 3. Bg2 Nc6 4. d3 e5 5. O-O Bc5 6. Nbd2 Bg4 7. h3 Be6 8. e4
dxe4 9. dxe4 O-O 10. c3 a5 11. a4 h6 12. Qe2 Nh5 13. Kh2 Qf6 14. Nxe5 Nxg3 15.
fxg3 Qxe5 16. Nc4 Bxc4 17. Qxc4 Bb6 18. Bf4 Qe6 19. Qxe6 fxe6 20. g4 e5 21. Bg3
Rxf1 22. Bxf1 Rd8 23. Bc4+ Kh7 24. Bd5 Ne7 25. Rd1 c6 26. Bb3 Rxd1 27. Bxd1 Ng6
28. Kg2 Nf4+ 29. Bxf4 exf4 30. e5 g5 31. Bb3 Bc7 32. e6 Bd6 33. Kf3 Kg6 34. Ke4
Kf6 35. Bc4 Kg6 {Game drawn by mutual agreement} 1/2-1/2

[Event "Team 45 45 League T55"]
[Site "Internet Chess Club"]
[Date "2012.12.07"]
[Round "3"]
[White "cys456"]
[Black "camerons"]
[Result "1-0"]
[WhiteElo "1801"]
[BlackElo "1728"]
[Opening "Caro-Kann: Steinitz variation"]
[ECO "B17"]
[Time "19:00:43"]
[TimeControl "2700+45"]

1. e4 c6 2. d4 d5 3. Nc3 dxe4 4. Nxe4 Nd7 5. Nf3 Ngf6 6. Ng3 e6 7. Bc4 Nb6 8.
Bb3 Bd6 9. O-O O-O 10. c4 c5 11. Qd3 cxd4 12. Bc2 Qc7 13. Nh5 Nbd7 14. Bg5
{Black resigns} 1-0

[Event "Team 45 45 League T55"]
[Site "Internet Chess Club"]
[Date "2012.12.03"]
[Round "3"]
[White "evan7284"]
[Black "RD1974"]
[Result "1-0"]
[WhiteElo "1654"]
[BlackElo "1651"]
[Opening "Queen's pawn"]
[ECO "A40"]
[Time "15:00:06"]
[TimeControl "2700+45"]

1. d4 e6 2. Nf3 f5 3. Bg5 Nf6 4. Nbd2 d5 5. e3 Bd6 6. Bd3 Nbd7 7. O-O c6 8. c4
O-O 9. cxd5 cxd5 10. Rc1 Qe7 11. Qe2 h6 12. Bf4 e5 13. dxe5 Nxe5 14. Nxe5 Bxe5
15. Bxe5 Qxe5 16. b3 Ne4 17. f3 Ng5 18. f4 Nh3+ 19. gxh3 Qe7 20. Nf3 a6 21. Ne5
Qd6 22. Qh5 Be6 23. Rf2 Qb6 24. Rf3 Rf6 25. Rg3 Raf8 26. Kh1 Qd6 27. Rcg1 Qc7
28. Rxg7+ Qxg7 29. Rxg7+ Kxg7 30. Qd1 Rc8 31. Qd2 Kh7 32. Qb4 Rg8 33. Qxb7+ Rg7
34. Qxa6 h5 35. Qb5 Bc8 36. Be2 Ba6 37. Qxa6 Rxa6 38. Bxa6 Ra7 39. Bd3 Rxa2 40.
Bxf5+ Kg7 41. Be6 d4 42. exd4 Re2 43. d5 Kf6 44. Bc8 Ke7 45. Kg1 Rb2 46. b4 Rd2
47. Be6 Re2 48. Nc6+ Kf6 49. f5 Rb2 50. d6 Rb1+ 51. Kf2 Rb2+ 52. Ke3 Rxh2 53. d7
Rxh3+ 54. Kf2 Rh2+ 55. Kg3 Rd2 56. d8=Q+ Rxd8 57. Nxd8 Kg5 58. b5 h4+ 59. Kh3
Kf6 60. Kxh4 Ke7 61. Nc6+ Kd6 62. Nd4 Kc7 63. Kg5 Kd8 64. b6 Ke7 65. b7 Kd6 66.
b8=Q+ Kc5 67. Qe5+ Kb4 68. Nc6+ Ka3 69. Qc3+ {Black resigns} 1-0

[Event "Team 45 45 League T55"]
[Site "Internet Chess Club"]
[Date "2012.11.30"]
[Round "3"]
[White "MarshKnight"]
[Black "Sir-Sinister"]
[Result "0-1"]
[WhiteElo "1558"]
[BlackElo "2037"]
[Opening "two knights: Max Lange attack"]
[ECO "C55"]
[Time "20:03:41"]
[TimeControl "2700+45"]

1. e4 Nc6 2. Nf3 e5 3. d4 exd4 4. Bc4 Nf6 5. O-O Bc5 6. e5 d5 7. exf6 dxc4 8.
fxg7 Rg8 9. Bg5 f6 10. Qe2+ Qe7 11. Qxe7+ Kxe7 12. Bh6 Kf7 13. Nbd2 Kg6 14. Bf4
Be6 15. Rfe1 Bd5 16. Bxc7 Rxg7 17. Bg3 Re7 18. Nh4+ Kh5 19. Nf5 Rxe1+ 20. Rxe1
Bb4 21. Re2 d3 22. cxd3 cxd3 23. Re3 Bxd2 24. Rxd3 Be4 25. Ng7+ Kg6 26. Rxd2
Kxg7 27. Rd7+ Kg6 28. Rxb7 Rd8 29. f3 Rd1+ 30. Kf2 Bd5 31. a3 Rd2+ 32. Kf1 Nd4
33. Rb4 a5 34. Ra4 Bb3 35. Rxa5 Rxb2 36. Rc5 Ra2 37. Ra5 Bc4+ 38. Kg1 Ne2+ 39.
Kf2 Nf4+ 40. Ke3 Nxg2+ 41. Ke4 h5 42. Ra7 Rd2 43. Ra5 h4 44. Bc7 Rd7 45. Bb8
Bd3# {White checkmated} 0-1

[Event "Team 45 45 League T55"]
[Site "Internet Chess Club"]
[Date "2012.12.01"]
[Round "3"]
[White "MeoPatacca"]
[Black "misuc56"]
[Result "1/2-1/2"]
[WhiteElo "1849"]
[BlackElo "1766"]
[Opening "Queen's pawn, Mason variation"]
[ECO "D00"]
[Time "15:03:38"]
[TimeControl "2700+45"]

1. d4 d5 2. Bf4 e6 3. e3 c6 4. c4 f5 5. Nc3 Nf6 6. Nf3 Bd6 7. Bxd6 Qxd6 8. Ne5
O-O 9. Bd3 a6 10. O-O Ne4 11. c5 Qe7 12. f3 Nf6 13. Qc2 Nbd7 14. f4 Ne4 15. Nxe4
fxe4 16. Be2 Nxe5 17. fxe5 Bd7 18. Rxf8+ Rxf8 19. Rf1 Rxf1+ 20. Bxf1 Be8 21. Qf2
h6 22. Be2 g5 23. b4 Kg7 24. a4 h5 25. Qf1 g4 26. g3 Kg6 27. Qf4 Qg5 28. Qxg5+
Kxg5 29. Kf2 Bd7 30. Ke1 Kh6 31. Kd2 Kg7 32. Kc3 Kf8 33. b5 a5 34. b6 Kg7 35.
Kd2 Kh6 36. Ke1 Kg5 37. Kf2 Kh6 38. Kg2 Kg5 39. h3 Bc8 40. Kh2 Bd7 41. Kg2 Bc8
42. Kh2 {Game drawn by mutual agreement} 1/2-1/2

[Event "Team 45 45 League T55"]
[Site "Internet Chess Club"]
[Date "2012.11.30"]
[Round "3"]
[White "picante"]
[Black "Morphing"]
[Result "0-1"]
[WhiteElo "1688"]
[BlackElo "1723"]
[Opening "Blackmar gambit"]
[ECO "B01"]
[Time "23:01:03"]
[TimeControl "2700+45"]

1. e4 d5 2. d4 dxe4 3. Nc3 Bf5 4. f3 exf3 5. Qxf3 Bxc2 6. Qxb7 Nd7 7. Nd5 Rc8 8.
Ba6 Be4 9. Bf4 e5 10. Bxe5 Nxe5 11. Nxc7+ Qxc7 12. Qb5+ Bc6 13. Qe2 Bb4+ 14. Kf2
Rd8 15. Nf3 Bxf3 16. gxf3 Rxd4 17. Qb5+ Nd7 18. Rac1 Rd2+ 19. Ke3 Qb6+ 20. Qxb6
Nxb6 21. Bb5+ Kd8 22. a3 Nd5+ 23. Ke4 Ngf6+ 24. Ke5 Ba5 25. b4 Bc7+ 26. Kf5 h6
{White resigns} 0-1

[Event "Team 45 45 League T55"]
[Site "Internet Chess Club"]
[Date "2012.12.02"]
[Round "3"]
[White "hi12980"]
[Black "mongmong"]
[Result "1/2-1/2"]
[WhiteElo "1683"]
[BlackElo "1662"]
[Opening "French: Tarrasch"]
[ECO "C03"]
[Time "20:30:31"]
[TimeControl "2700+45"]

1. e4 e6 2. d4 d5 3. Nd2 h6 4. Ngf3 Nf6 5. e5 Nfd7 6. Be2 c5 7. c3 Nc6 8. Nb3 c4
9. Nbd2 Be7 10. b3 b5 11. Bb2 Bb7 12. Qc2 a6 13. h3 Nf8 14. O-O Ng6 15. g3 Nf8
16. Nh2 Nh7 17. f4 g5 18. f5 Kd7 19. fxe6+ fxe6 20. Ng4 Nf8 21. Rf7 Kc7 22. Raf1
Rc8 23. R1f6 Kb8 24. Rxh6 Rxh6 25. Nxh6 Qe8 26. Rf1 b4 27. bxc4 bxc3 28. Bxc3
dxc4 29. Qb2 Nxd4 30. Bxd4 Qg6 31. Ng4 Qh7 32. Rb1 Bc5 33. Bxc5 Rxc5 34. Bf3 Rb5
35. Qc1 Rxb1 36. Nxb1 Bxf3 37. Qf1 Qe4 38. Nd2 Qd4+ 39. Qf2 Qxf2+ 40. Kxf2 Bd5
41. Ke3 Ng6 42. Kd4 Kc7 43. Nxc4 Bg2 44. Nf2 Ne7 45. h4 gxh4 46. gxh4 Nf5+ 47.
Kc5 Nxh4 48. Ng4 Ng6 49. a3 Nf4 50. Kb4 Nd3+ 51. Kc3 Nc5 52. Kb4 Nb7 53. Na5
Nxa5 54. Kxa5 Bf1 55. Kb4 Kc6 56. Nf6 Be2 57. Kb3 Kc5 58. Kc3 Bf1 59. a4 Be2 60.
Nd7+ Kd5 61. Kb4 Kd4 62. Ka5 Bd3 63. Kb6 Kd5 64. Kb7 Kd4 65. Kb6 Bc4 66. Nc5
Kxe5 67. Nxa6 Kd4 68. Nc5 e5 69. a5 Kd5 70. Nd7 e4 71. Nf6+ Kd4 72. Nxe4 Kxe4
73. a6 Bd5 74. a7 Ke5 75. a8=Q Bxa8 {Game drawn because neither player has
mating material} 1/2-1/2

[Event "Team 45 45 League T55"]
[Site "Internet Chess Club"]
[Date "2012.12.02"]
[Round "3"]
[White "dscvdchk"]
[Black "baobao"]
[Result "1-0"]
[WhiteElo "1543"]
[BlackElo "1281"]
[Opening "Sicilian: Najdorf, Opocensky variation"]
[ECO "B92"]
[Time "23:10:34"]
[TimeControl "2700+45"]

1. Nf3 c5 2. e4 d6 3. d4 cxd4 4. Nxd4 Nf6 5. Nc3 a6 6. Be2 e5 7. Nb3 Be7 8. O-O
O-O 9. Be3 Nc6 10. f3 Be6 11. Nd5 Bxd5 12. exd5 Nb4 13. c4 b5 14. a3 bxc4 15.
Bxc4 Nbxd5 16. Bxd5 Nxd5 17. Qxd5 Rb8 18. Rab1 Rb5 19. Qd3 Qd7 20. Nc5 Qc8 21.
Ne4 d5 22. Nd2 d4 23. Bf2 Bg5 24. Rfc1 Rc5 25. Rxc5 Qxc5 26. Ne4 Qe7 27. Nxg5
Qxg5 28. Qxa6 Rd8 29. Qd3 Rc8 30. Be1 f5 31. Bd2 f4 32. Rc1 Re8 33. Qc4+ Kh8 34.
b4 h5 35. a4 h4 36. h3 Qg3 37. Be1 Qg5 38. Qc6 Rg8 39. Qe4 g6 40. Rc5 Re8 41. b5
Qe7 42. Rc6 Rg8 43. a5 Qa7 44. b6 Qa6 45. Qxe5+ Kh7 46. Rc7+ Kh6 47. Qxf4+ g5
48. Qf5 Rh8 49. Bd2 {Black resigns} 1-0

[Event "Team 45 45 League T55"]
[Site "Internet Chess Club"]
[Date "2012.12.01"]
[Round "3"]
[White "browndeer"]
[Black "Ocius"]
[Result "1-0"]
[WhiteElo "1503"]
[BlackElo "1199"]
[Opening "Ruy Lopez: closed defense"]
[ECO "C87"]
[Time "15:00:37"]
[TimeControl "2700+45"]

1. e4 e5 2. Nf3 Nc6 3. Bb5 a6 4. Ba4 Nf6 5. O-O Be7 6. Re1 d5 7. exd5 Nxd5 8.
Bb3 Ncb4 9. Bxd5 Nxd5 10. Rxe5 O-O 11. d4 Bg4 12. h3 Be6 13. c3 Bf6 14. Re1 b6
15. Ne5 Qd6 16. Ng4 Be7 17. Ne5 f5 18. Qh5 Rf6 19. Bg5 g6 20. Qf3 Rff8 21. Bxe7
Qxe7 22. Nc6 Qd6 23. Ne5 b5 24. Nd2 a5 25. Nb3 b4 26. cxb4 Nxb4 27. Red1 Bd5 28.
Qc3 f4 29. a3 Nc6 30. Nxc6 Bxb3 31. Qxb3+ Kh8 32. d5 f3 33. Qc3+ Rf6 34. Re1 Kg7
35. Re6 Qf8 36. Rxf6 Qxf6 37. Qxf6+ Kxf6 38. gxf3 Re8 39. Rd1 Re2 40. b4 Kf5 41.
Nd4+ {Black resigns} 1-0

[Event "Team 45 45 League T55"]
[Site "Internet Chess Club"]
[Date "2012.11.29"]
[Round "3"]
[White "globulon"]
[Black "XGG123"]
[Result "0-1"]
[WhiteElo "1230"]
[BlackElo "1339"]
[Opening "Sicilian: dragon, classical attack"]
[ECO "B72"]
[Time "22:30:44"]
[TimeControl "2700+45"]

1. e4 c5 2. Nf3 d6 3. d4 cxd4 4. Nxd4 Nf6 5. Nc3 g6 6. Be2 Bg7 7. Be3 d5 8. e5
Ne4 9. f4 Nc6 10. Nxe4 dxe4 11. Qd2 O-O 12. O-O-O Nxd4 13. Qxd4 Qxd4 14. Rxd4
Be6 15. Kb1 Rac8 16. g4 a6 17. h4 b5 18. h5 Rc7 19. hxg6 fxg6 20. Rd6 {White
resigns} 0-1

[Event "Team 45 45 League T55"]
[Site "Internet Chess Club"]
[Date "2012.12.03"]
[Round "3"]
[White "rahulr"]
[Black "badmove"]
[Result "1-0"]
[WhiteElo "1556"]
[BlackElo "1716"]
[Opening "Nimzo-Indian: classical, 4...c5"]
[ECO "E38"]
[Time "17:01:21"]
[TimeControl "2700+45"]

1. d4 Nf6 2. c4 e6 3. Nc3 Bb4 4. Qc2 c5 5. e3 cxd4 6. exd4 Nc6 7. Nf3 d5 8. c5
Ne4 9. Bd3 Qa5 10. Bd2 Bxc3 11. Bxc3 Nxc3 12. bxc3 h6 13. O-O Qc7 14. Rfe1 Qf4
15. Ne5 Nxe5 16. Rxe5 O-O 17. Rb1 f5 18. Bb5 a6 19. Ba4 Rf7 20. Rb6 Rc7 21. g3
Qg5 22. c4 dxc4 23. Qxc4 Re7 24. c6 bxc6 25. Qxc6 Raa7 26. Qxc8+ Kh7 27. Rexe6
Rac7 28. Qxa6 Rxe6 29. Rxe6 f4 30. Qe2 Rc1+ 31. Bd1 Qd5 32. Qd3+ Kg8 33. Re2 f3
34. Rc2 Qb5 35. Qxf3 Rxc2 36. Bxc2 Qa5 37. Bb3+ Kh7 38. Qe4+ g6 39. Qe7+ Kh8 40.
Qf8+ {Black resigns} 1-0

[Event "Team 45 45 League T55"]
[Site "Internet Chess Club"]
[Date "2012.12.09"]
[Round "3"]
[White "houseofcook"]
[Black "Check101"]
[Result "1/2-1/2"]
[WhiteElo "1496"]
[BlackElo "1633"]
[Opening "Scotch gambit: Dubois-Réti defense"]
[ECO "C55"]
[Time "11:01:00"]
[TimeControl "2700+45"]

1. e4 e5 2. Nf3 Nc6 3. d4 exd4 4. Bc4 Nf6 5. e5 d5 6. Bb5 Ne4 7. Nxd4 Bd7 8.
Bxc6 bxc6 9. O-O c5 10. Nb3 Bb5 11. Re1 Be7 12. N1d2 f5 13. f3 Ng5 14. f4 Ne4
15. Nxe4 dxe4 16. Be3 c4 17. Nd4 Bd7 18. c3 c5 19. Ne2 O-O 20. Qc2 Qc7 21. Red1
Rad8 22. Rd2 Bc6 {Game drawn by mutual agreement} 1/2-1/2

[Event "Team 45 45 League T55"]
[Site "Internet Chess Club"]
[Date "2012.11.29"]
[Round "3"]
[White "seattleblues"]
[Black "MateIn42"]
[Result "1/2-1/2"]
[WhiteElo "1432"]
[BlackElo "1359"]
[Opening "King's Indian: London system"]
[ECO "A48"]
[Time "21:22:21"]
[TimeControl "2700+45"]

1. d4 Nf6 2. Nf3 g6 3. Bf4 Bg7 4. e3 O-O 5. c4 d6 6. Nc3 Re8 7. Be2 h6 8. h3 Nc6
9. O-O Bf5 10. d5 e5 11. Bh2 Nb8 12. b4 Nbd7 13. Nd2 a5 14. a3 axb4 15. axb4
Rxa1 16. Qxa1 Qa8 17. e4 Bxe4 18. Ndxe4 Nxe4 19. Nxe4 f5 20. Nd2 e4 21. Qxa8
Rxa8 22. Nb3 Ra2 23. Nc1 Rb2 24. c5 dxc5 25. bxc5 Nxc5 26. Bxc7 Rd2 27. Rd1
Rxd1+ 28. Bxd1 b5 29. d6 Be5 30. Bb3+ Kf8 31. Kf1 Nb7 32. Bd5 Bxd6 33. Bxd6+
Nxd6 34. Nb3 Ke7 35. Nd4 Kf6 36. Bb3 Ke5 37. Nc6+ Kf6 38. Ke2 g5 39. Ke3 f4+ 40.
Kd4 e3 41. fxe3 fxe3 42. Kxe3 Nc4+ 43. Kd4 Nd2 44. Bd5 Kf5 45. Ne5 b4 46. Kd3
Kxe5 47. Bg8 Ne4 48. Kc4 Nf6 49. Bf7 Kf4 50. Kxb4 Kg3 51. Be6 Kxg2 52. Kc5 Ne4+
53. Kd4 Nf2 54. Ke3 Nxh3 55. Bd5+ Kg3 56. Ke4 Nf4 57. Ba8 h5 58. Kf5 h4 59. Kxg5
h3 60. Bh1 Kh2 61. Bf3 Ng2 62. Bg4 Kg3 63. Bxh3 {Game drawn because neither
player has mating material} 1/2-1/2